 Dungeon Crawl Stone Soup version 0.24.0-35-gdb84b6a5db (webtiles) character file.

Game seed: 18399894659111169548, levelgen mode: deterministic

81305 Curus the Fighter (level 15, -12/132 HPs)
             Began as a Demonspawn Gladiator on Nov 18, 2019.
             Was a High Priest of Trog.
             Mangled by a stone giant (38 damage)
             ... on level 2 of the Orcish Mines on Nov 19, 2019.
             The game lasted 01:23:30 (16013 turns).

Curus the Fighter (Demonspawn Gladiator)           Turns: 16013, Time: 01:23:31

Health: -12/132    AC: 18    Str: 23    XL:     15   Next: 26%
Magic:  20/20      EV: 26    Int: 12    God:    Trog [*****.]
Gold:   1154       SH:  0    Dex: 27    Spells: 14/14 levels left

rFire    + . .     SeeInvis +   F - +6 lajatang (freeze)
rCold    + . .     Gourm    .   (shield currently unavailable)
rNeg     . . .     Faith    .   q - +1 leather armour of the Trilobite {MR+ rCorr Str+4 Dex+4}
rPois    .         Spirit   .   I - +1 helmet {SInv}
rElec    .         Reflect  .   x - +2 cloak
rCorr    +         Harm     .   U - +1 pair of gloves of Agoraphobia {Dex+3}
MR       ++...                  J - +0 pair of boots of Distant Shores {Str+4}
Stlth    ++........             P - amulet of regeneration
HPRegen  0.72/turn              e - +4 ring of protection
MPRegen  0.17/turn              y - ring of flight

@: berserk cooldown, slowed, very slow
A: talons 2, rugged brown scales 2, clever 1, cold resistance 1, fire resistance
1, mutation resistance 1, powered by death 3, spiny 1
a: Berserk, Trog's Hand, Brothers in Arms, Renounce Religion, Evoke Flight


You were on level 2 of the Orcish Mines.
You worshipped Trog.
Trog was extremely pleased with you.
You were hungry.

You visited 4 branches of the dungeon, and saw 20 of its levels.
You also visited: Gauntlet and Ice Cave.

You collected 1936 gold pieces.
You spent 782 gold pieces at shops.

Inventory:

Hand Weapons
 a - a +0 quarterstaff of freezing
 F - a +6 lajatang of freezing (weapon)
 O - a +4 antimagic quarterstaff
Missiles
 d - 6 throwing nets (quivered)
Armour
 b - a +1 pair of boots
 i - a +3 ring mail of poison resistance
 m - a +0 leather armour of fire resistance
 q - the +1 leather armour of the Trilobite (worn) {MR+ rCorr Str+4 Dex+4}
   (You bought it in a shop on level 9 of the Dungeon)

   It affects your strength (+4).
   It affects your dexterity (+4).
   It affects your resistance to hostile enchantments.
   It provides partial protection from all sources of acid and corrosion.
 x - a +2 cloak (worn)
 I - a +1 helmet of see invisible (worn)
 J - the +0 pair of boots of Distant Shores (worn) {Str+4}
   (You found it in an ice cave)

   It affects your strength (+4).
 S - a +0 pair of gloves
 T - a scarf of cloud immunity
 U - the +1 pair of gloves of Agoraphobia (worn) {Dex+3}
   (You bought it in a shop on level 1 of the Orcish Mines)

   It affects your dexterity (+3).
Jewellery
 e - a +4 ring of protection (left hand)
 g - an uncursed ring of fire
 j - an uncursed ring of see invisible
 l - a -2 ring of strength
 y - a ring of flight (right hand)
 G - an uncursed ring of magical power
 H - an uncursed amulet of faith
 L - an uncursed ring of teleportation
 M - an uncursed ring of ice
 N - a -3 ring of intelligence
 P - an amulet of regeneration (around neck)
 Q - an uncursed ring of fire
 V - the ring of the Castellan {Fire Int+3 Dex+4}
   (You found it in a Gauntlet)

   [ring of fire]

   It enhances your fire magic.
   It affects your intelligence (+3).
   It affects your dexterity (+4).
   It protects you from fire.
   It makes you vulnerable to cold.
 Z - the amulet "Eva Ojidd" {Harm *Drain rPois Int+3}
   (You found it on level 6 of the Lair of Beasts)

   [amulet of harm]

   It increases damage dealt and taken.
   It affects your intelligence (+3).
   It protects you from poison.
   It causes draining when unequipped.
Wands
 k - a wand of iceblast (32)
 C - a wand of paralysis (16)
 E - a wand of digging (2)
 K - a wand of random effects (21)
 W - a wand of clouds (8)
Scrolls
 c - 3 scrolls of magic mapping
 h - 5 scrolls of amnesia
 n - 6 scrolls of teleportation
 p - 9 scrolls of remove curse
 r - 4 scrolls of blinking
 t - 10 scrolls of identify
 w - 2 scrolls of fog
 X - a scroll of fear
Potions
 o - 2 potions of flight
 s - 2 potions of ambrosia
 u - 8 potions of heal wounds
 v - a potion of haste
 z - 3 potions of resistance
 A - 4 potions of might
 B - 7 potions of curing
 D - a potion of agility
 R - 2 potions of magic
Comestibles
 f - 35 rations
 Y - 2 chunks of flesh


   Skills:
 + Level 14.1 Fighting
 - Level 14.0 Staves
 - Level 1.7 Throwing
 + Level 13.2 Dodging
 - Level 7.6 Evocations


You had 14 spell levels left.
You didn't know any spells.
Your spell library was empty.

Dungeon Overview and Level Annotations

Branches:
Dungeon (11/15)            Temple (1/1) D:4            Lair (6/6) D:10
 Shoals (0/4) Lair:3       Spider (0/4) Lair:2        Slime (0/5) Lair:5
    Orc (2/2) D:10            Elf (0/3) Orc:2         IceCv (visited)
Gauntlet (visited)

Altars:
Ashenzari
Cheibriados
Dithmenos
Elyvilon
Gozag
Hepliaklqana
Kikubaaqudgha
Makhleb
Nemelex Xobeh
Sif Muna
Trog
Uskayaw
Vehumet
Wu Jian
Xom
Yredelemnul
The Shining One
Beogh
Jiyva

Shops:
D:7 [   D:9 [   Orc:1 [   Orc:2 :*(

Annotations:
Lair:1 exclusion: oklob plant


Innate Abilities, Weirdness & Mutations

You have razor-sharp toenails.
You are mostly covered in rugged brown scales. (AC +2, +5% HP)
You regenerate a lot of health from kills.
You are partially covered in sharp spines.
Your mind is acute. (Int +2)
Your flesh is cold resistant. (rC+)
Your flesh is heat resistant. (rF+)
You are somewhat resistant to further mutation.


Message History

The stone giant throws a large rock.
The large rock completely misses you.
Things that are here:
2 large rocks; 29 gold pieces You now have 1154 gold pieces (gained 29).
You barely miss the stone giant.
The stone giant is struck by your spines.
The stone giant closely misses you.
You hit the stone giant but do no damage.
The stone giant is lightly wounded.
The stone giant hits you!!
You slash the stone giant! You freeze the stone giant.
The stone giant is moderately wounded.
The stone giant hits you!!
* * * LOW HITPOINT WARNING * * *
Your deep troll goes berserk!
You are feeling hungry.
The stone giant hits you.
* * * LOW HITPOINT WARNING * * *
The stone giant hits you!!!
You die...

########)..## #...
#.....))))..###...
#.####)####..#....
#.##.....##.......
#.#...)...#.......
#.#.......#.......
#....._...........
#(#.......#.......
#@#.......#.......
.#
#C##.....##.......
...
.T####.####.......
#..# .... ....
.#.## #.... #... .
....# ...##. .. ..
...# ...# . ...
...# #..# .. ....
..## .....


You could see a stone giant and a friendly deep troll (berserk).

Vanquished Creatures
  Gastronok (D:8)
  2 orc warlords (Orc:2)
  A minotaur (Gauntlet)
  2 dire elephants (Lair:6)
  An ettin (Orc:1)
  Josephine (D:10)
  Fannar (D:10)
  The ghost of Nattfarinn the Fighter, a novice OgTm of Okawaru (D:9)
  A hell beast (Gauntlet)
  2 hydras
  A ghost crab (Gauntlet)
  A catoblepas (Lair:6)
  3 two-headed ogres
  A queen ant (Lair:2)
  An orc high priest (Orc:2)
  Sonja (Lair:3)
  2 lindwurms (Lair:6)
  3 orc knights (Orc:2)
  A necromancer (IceCv)
  2 manticores (Lair:6)
  3 orc sorcerers (Orc:2)
  5 black mambas
  3 ice statues (IceCv)
  8 elephants
  2 centaur skeletons
  9 spiny frogs
  A torpor snail (Lair:3)
  3 rime drakes
  2 kobold demonologists (D:9)
  6 komodo dragons
  A tengu conjurer (D:10)
  5 ice devils (IceCv)
  9 blink frogs (Lair:4)
  A dream sheep (Lair:6)
  A hornet (D:10)
  5 hippogriffs
  3 wraiths (D:10)
  2 shadows (Gauntlet)
  A wyvern (Lair:3)
  3 basilisks
  25 yaks
  3 wargs
  Edmund (D:5)
  5 soldier ants (Lair:2)
  10 water moccasins
  7 porcupines
  A swamp drake (D:10)
  9 ice beasts
  5 sky beasts
  4 black bears
  30 orc warriors
  7 ogres
  A phantom (D:10)
  3 necrophages
  19 wolves
  A centaur (D:5)
  11 crocodiles
  Blork the orc (D:4)
  20 bullfrogs
  11 big kobolds
  A gnoll sergeant (D:9)
  A water moccasin skeleton (D:7)
  5 killer bees (D:9)
  8 scorpions
  4 howler monkeys
  4 crimson imps
  2 bullfrog zombies
  7 hounds
  3 draconian simulacra (IceCv)
  3 jellies
  2 centaur zombies
  18 orc priests
  Crazy Yiuf (D:5)
  A bullfrog skeleton (D:5)
  26 orc wizards
  A gnoll shaman (D:5)
  3 iron imps (D:8)
  An iguana (D:5)
  15 worker ants
  Terence (D:2)
  2 troll simulacra (IceCv)
  2 centaur simulacra (IceCv)
  A hound skeleton (D:6)
  Robin (D:3)
  10 adders
  2 howler monkey skeletons
  2 naga simulacra (IceCv)
  An ogre simulacrum (IceCv)
  A worker ant zombie (D:9)
  11 gnolls
  2 shadow imps
  5 oozes
  2 worms
  5 dart slugs
  8 leopard geckos
  84 orcs
  5 ball pythons
  16 bats
  7 giant cockroaches
  13 goblins
  10 hobgoblins
  4 jackals (D:3)
  3 quokkas
  6 frilled lizards
  A giant cockroach zombie (D:5)
  A jackal zombie (D:6)
  20 kobolds
  2 leopard gecko skeletons (D:5)
  A leopard gecko zombie (D:9)
  A quokka skeleton (D:5)
  13 rats
625 creatures vanquished.

Vanquished Creatures (collateral kills)
  A hydra (Lair:5)
  4 elephants (Lair:5)
  2 ice devils (IceCv)
7 creatures vanquished.

Vanquished Creatures (others)
  An orc (D:10)
  2 fungi
  3 plants (D:9)
6 creatures vanquished.

Grand Total: 638 creatures vanquished

Notes
Turn   | Place    | Note
-------+----------+-------------------------------------------
     0 | D:1      | Curus the Demonspawn Gladiator began the quest for the Orb.
     0 | D:1      | Reached XP level 1. HP: 16/16 MP: 1/1
   111 | D:1      | Gained mutation: You regenerate a little health from kills.
                  | [demonic ancestry]
   111 | D:1      | Reached XP level 2. HP: 21/22 MP: 2/2
   184 | D:1      | Reached XP level 3. HP: 21/27 MP: 3/3
   745 | D:2      | Found a faded altar of an unknown god.
   776 | D:2      | Gained mutation: You regenerate health from kills. [demonic
                  | ancestry]
   776 | D:2      | Reached XP level 4. HP: 25/33 MP: 4/4
  1139 | D:2      | Reached skill level 5 in Staves
  1500 | D:2      | Noticed Terence
  1508 | D:2      | Killed Terence
  1508 | D:2      | Gained mutation: You have sharp toenails. [demonic
                  | ancestry]
  1508 | D:2      | Reached XP level 5. HP: 23/38 MP: 5/5
  1558 | D:2      | Found a shattered altar of Ashenzari.
  1849 | D:3      | Gained mutation: Scrolls take you a little longer to read.
                  | [potion of mutation]
  1849 | D:3      | Gained mutation: Your flesh is cold resistant. (rC+)
                  | [potion of mutation]
  2323 | D:3      | Reached XP level 6. HP: 44/44 MP: 6/6
  2447 | D:3      | Noticed Robin
  2462 | D:3      | Killed Robin
  2620 | D:2      | Lost mutation: Your flesh is cold resistant. (rC+) [potion
                  | of mutation]
  2620 | D:2      | Lost mutation: Scrolls take you a little longer to read.
                  | [potion of mutation]
  2620 | D:2      | Gained mutation: Your mind is acute. (Int +2) [potion of
                  | mutation]
  2620 | D:2      | Gained mutation: You do not regenerate when monsters are
                  | visible. [potion of mutation]
  2620 | D:2      | Gained mutation: Your spells are a little harder to cast,
                  | but a little more powerful. [potion of mutation]
  2717 | D:4      | Found a staircase to the Ecumenical Temple.
  2729 | Temple   | Entered the Ecumenical Temple
  2736 | Temple   | Became a worshipper of Trog the Wrathful
  2811 | D:4      | Gained mutation: You are partially covered in sharp spines.
                  | [demonic ancestry]
  2811 | D:4      | Reached XP level 7. HP: 33/50 MP: 7/7
  3268 | D:4      | Found a glowing golden altar of the Shining One.
  3511 | D:4      | Reached * piety under Trog
  3854 | D:5      | Entered Level 5 of the Dungeon
  3855 | D:5      | Noticed Blork the orc
  3873 | D:4      | Killed Blork the orc
  4111 | D:5      | Gained mutation: You have razor-sharp toenails. [demonic
                  | ancestry]
  4111 | D:5      | Reached XP level 8. HP: 41/56 MP: 8/8
  4162 | D:5      | Found a runed translucent door.
  4163 | D:5      | Noticed Crazy Yiuf
  4201 | D:5      | Noticed Edmund
  4219 | D:5      | Killed Edmund
  4337 | D:5      | Reached ** piety under Trog
  4398 | D:5      | Reached skill level 10 in Staves
  4562 | D:5      | Killed Crazy Yiuf
  4755 | D:6      | You fall into a shaft and drop 1 floor!
  4807 | D:6      | Gained mutation: You regenerate a lot of health from kills.
                  | [demonic ancestry]
  4807 | D:6      | Reached XP level 9. HP: 61/61 MP: 9/9
  5282 | D:6      | Found a snail-covered altar of Cheibriados.
  5320 | D:6      | Found a burning altar of Makhleb.
  5449 | D:7      | Reached *** piety under Trog
  5458 | D:7      | Noticed a two-headed ogre
  5463 | D:7      | Killed a two-headed ogre
  5598 | D:7      | Found an ancient bone altar of Kikubaaqudgha.
  5671 | D:7      | Found a shimmering blue altar of Sif Muna.
  5769 | D:7      | Found Puexkic's Antique Armour Shoppe.
  6071 | D:8      | Noticed Gastronok
  6085 | D:8      | Killed Gastronok
  6085 | D:8      | Reached XP level 10. HP: 41/67 MP: 10/10
  6162 | D:8      | Found a hazy altar of Hepliaklqana.
  6187 | D:8      | You fall into a shaft and drop 2 floors!
  6187 | D:10     | Entered Level 10 of the Dungeon
  6234 | D:9      | Reached **** piety under Trog
  6389 | D:9      | You fall into a shaft and drop 2 floors!
  6610 | D:10     | Noticed Josephine
  6629 | D:10     | Killed Josephine
  6629 | D:10     | Reached skill level 5 in Fighting
  6629 | D:10     | Reached skill level 5 in Dodging
  6629 | D:10     | Gained mutation: You are partially covered in rugged brown
                  | scales. (AC +1, +3% HP) [demonic ancestry]
  6629 | D:10     | Reached XP level 11. HP: 60/82 MP: 11/11
  6653 | D:10     | Received a gift from Trog
  6655 | D:10     | Found a staircase to the Lair.
  6668 | Lair:1   | Entered Level 1 of the Lair of Beasts
  6689 | Lair:1   | Reached skill level 1 in Evocations
  6765 | Lair:1   | Reached ***** piety under Trog
  6824 | Lair:1   | Found an ancient bone altar of Kikubaaqudgha.
  6842 | Lair:1   | Reached skill level 5 in Evocations
  7112 | Lair:1   | Noticed an oklob plant
  7952 | Lair:2   | Noticed a five-headed hydra
  7957 | Lair:2   | Killed a five-headed hydra
  7992 | Lair:2   | Found a frozen archway.
  8005 | Lair:2   | Reached XP level 12. HP: 63/91 MP: 17/17
  8068 | IceCv    | Entered an ice cave
  8090 | IceCv    | Received a gift from Trog
  9006 | IceCv    | Got a pair of transparent boots
  9031 | IceCv    | Identified the +0 pair of boots of Distant Shores {Str+4}
                  | (You found it in an ice cave)
  9076 | IceCv    | Lost mutation: You do not regenerate when monsters are
                  | visible. [potion of mutation]
  9076 | IceCv    | Lost mutation: Your spells are a little harder to cast, but
                  | a little more powerful. [potion of mutation]
  9076 | IceCv    | Gained mutation: Your flesh is heat resistant. (rF+)
                  | [potion of mutation]
  9076 | IceCv    | Gained mutation: You are somewhat resistant to further
                  | mutation. [potion of mutation]
  9076 | IceCv    | Gained mutation: Your flesh is cold resistant. (rC+)
                  | [potion of mutation]
  9158 | Lair:2   | Noticed a queen ant
  9170 | Lair:2   | Killed a queen ant
  9350 | Lair:2   | Found a hole to the Spider Nest.
  9652 | Lair:2   | You fall into a shaft and drop 2 floors!
  9808 | Lair:3   | Noticed Sonja
  9825 | Lair:3   | Killed Sonja
  9833 | Lair:3   | You fall into a shaft and drop 2 floors!
  9978 | Lair:5   | Reached skill level 10 in Fighting
 10024 | Lair:5   | Found a staircase to the Slime Pits.
 10024 | Lair:5   | Found a viscous altar of Jiyva.
 10048 | Lair:5   | Noticed an eight-headed hydra
 10063 | Lair:5   | Killed a seven-headed hydra
 10063 | Lair:5   | Gained mutation: You are mostly covered in rugged brown
                  | scales. (AC +2, +5% HP) [demonic ancestry]
 10063 | Lair:5   | Reached XP level 13. HP: 73/108 MP: 18/18
 10107 | Lair:5   | Received a gift from Trog
 10316 | Lair:4   | Reached skill level 10 in Dodging
 10944 | Lair:3   | Found a staircase to the Shoals.
 11904 | Lair:6   | Entered Level 6 of the Lair of Beasts
 11990 | Lair:6   | Reached XP level 14. HP: 120/120 MP: 19/19
 12205 | Lair:6   | Found a gate leading to a gauntlet.
 12217 | Gauntlet | Entered a Gauntlet
 12217 | Gauntlet | Found a transporter.
 12217 | Gauntlet | Found a transporter.
 12217 | Gauntlet | Found a transporter.
 12237 | Gauntlet | Found a transporter.
 12247 | Gauntlet | Found a transporter.
 12251 | Gauntlet | Found a transporter.
 12261 | Gauntlet | Found a transporter.
 12282 | Gauntlet | Found a transporter.
 12299 | Gauntlet | Found a transporter.
 12303 | Gauntlet | Found a transporter.
 12313 | Gauntlet | Found a transporter.
 12317 | Gauntlet | Found a transporter.
 12485 | Gauntlet | Got a pair of pitted gloves
 12496 | Gauntlet | Identified the +2 pair of gloves of Minor Irritation
                  | {*Corrode +Inv rPois Dex-5} (You found it in a Gauntlet)
 12523 | Gauntlet | Got a brightly glowing bronze ring
 12529 | Gauntlet | Identified the ring of the Castellan {Fire Int+3 Dex+4}
                  | (You found it in a Gauntlet)
 12563 | Gauntlet | Identified the Compendium of the Twisted Compass
 12565 | Gauntlet | Got a distressingly furry leather armour
 12647 | Lair:5   | Identified the cursed +1 leather armour "Agor" {Int+7} (You
                  | found it in a Gauntlet)
 12970 | Lair:6   | Got a flickering brass amulet
 13281 | D:10     | Noticed Fannar
 13294 | D:10     | Killed Fannar
 13299 | D:10     | Found a staircase to the Orcish Mines.
 13470 | D:9      | Found a runed translucent gate.
 13470 | D:9      | Found a runed translucent gate.
 13470 | D:9      | Found a runed translucent gate.
 13472 | D:9      | Found an opulent altar of Gozag.
 13473 | D:9      | Noticed Nattfarinn's ghost (novice OgTm)
 13479 | D:9      | Identified the +9 dagger of Veisa {chaos, *Contam rElec
                  | rC++ MR+}
 13691 | D:8      | Found a burning altar of Makhleb.
 13892 | D:7      | Identified the amulet "Eva Ojidd" {Harm *Drain rPois Int+3}
                  | (You found it on level 6 of the Lair of Beasts)
 13991 | D:9      | Found Tono's Antique Armour Emporium.
 14008 | D:9      | Bought a fine leather armour for 189 gold pieces
 14008 | D:9      | Bought a runed cloak for 202 gold pieces
 14013 | D:9      | Found a radiant altar of Vehumet.
 14052 | D:9      | Found a shadowy altar of Dithmenos.
 14455 | D:9      | Killed Nattfarinn's ghost
 14514 | D:9      | Identified the +1 leather armour of the Trilobite {MR+
                  | rCorr Str+4 Dex+4} (You bought it in a shop on level 9 of
                  | the Dungeon)
 14958 | Orc:1    | Entered Level 1 of the Orcish Mines
 15261 | Orc:1    | Reached XP level 15. HP: 130/130 MP: 20/20
 15288 | Orc:1    | Found Juxtuidi's Armour Emporium.
 15321 | Orc:1    | Bought the +1 pair of gloves of Agoraphobia {Dex+3} for 342
                  | gold pieces
 15471 | Orc:2    | Entered Level 2 of the Orcish Mines
 15507 | Orc:2    | Found a staircase to the Elven Halls.
 15592 | Orc:2    | Noticed an orc warlord
 15597 | Orc:2    | Reached ****** piety under Trog
 15608 | Orc:2    | Killed an orc warlord
 15614 | Orc:2    | Received a gift from Trog
 15650 | Orc:2    | Found a roughly hewn altar of Beogh.
 15679 | Orc:2    | Paralysed by an orc sorcerer for 4 turns
 15690 | Orc:2    | Found Mucaomub's Book Boutique.
 15732 | Orc:2    | Found Dosajy's Antique Weapon Boutique.
 15875 | Orc:2    | Found Diocig's General Store.
 15882 | Orc:2    | Bought a scroll of fear for 49 gold pieces
 15964 | Orc:2    | Noticed an orc warlord
 15982 | Orc:2    | Killed an orc warlord
 15984 | Orc:2    | Found a roughly hewn altar of Beogh.
 16013 | Orc:2    | Mangled by a stone giant

Levels and vault maps discovered:
D:1:      dpeg_arrival_tiny_k, layout_rooms, serial_rivers,
          chequers_serial_rivers_small_a, chequers_serial_rivers_room_a,
          chequers_serial_rivers_micro_b, chequers_serial_rivers_room_a,
          chequers_serial_rivers_micro_c, chequers_serial_rivers_micro_d,
          minmay_quantized
D:2:      layout_basic, lemuel_doored_altar, chequers_ecumenical_altar_simple,
          minmay_pentomino_pile, uniq_terence
D:3:      layout_basic, first_ration, minmay_bisected, uniq_robin
D:4:      layout_basic, kennysheep_mini, minmay_temple_entry_wispy,
          chequers_avenue
D:5:      minmay_clustersquares, layout_cave_pools, uniq_blork_the_orc,
          uniq_crazy_yiuf_cottage, uniq_edmund
D:6:      layout_loops_ring, kennysheep_slug_shrine, basic_altar,
          minmay_fractal_squares_gapless_5
D:7:      layout_loops_ring, nicolae_overflow_crystal_walls,
          nicolae_overflow_hidden_temple, serial_shops,
          nicolae_shop_overgrown_old_shop, kennysheep_another_room,
          grunt_ogre_cave
D:8:      layout_rooms, demons_altar, old_standard_altar, uniq_gastronok
D:9:      layout_irregular_city, lemuel_round_altar, kennysheep_little_box,
          serial_shops, nicolae_shop_stone, gammafunk_ghost_nasty_kobolds,
          nicolae_gozag_cash_rules_everything_around_me
D:10:     layout_loops_ring, lair_entry_dummy, erik_orc_1, uniq_josephine,
          uniq_fannar
D:11:     layout_stronghold, uniq_nergalle
Temple:   cyrus_circular_temple
Lair:1:   layout_gridlike, lemuel_oklob_altar, grunt_megastairs_5
Lair:2:   layout_chaotic_city, spider_nest_entry_web_field,
          portal_ice_cave_entry_ice_beasts, wad_woods_antlair
Lair:3:   layout_big_grid, elwin_shoals_entry_rocks,
          infiniplex_staircase_pool_2, lemuel_fruit_tree, uniq_sonja
Lair:4:   layout_cave_shapes, chequers_serial_rivers_small_a, bh_chokoban,
          st_stairs_12, infiniplex_staircase_pool
Lair:5:   layout_hall_layers, slime_altar_1, serial_bayou_shore_b,
          grunt_megastairs_2
Lair:6:   hangedman_lair_in_review, layout_long_grid, gauntlet_entry_generic
Orc:1:    layout_diamond_mine, serial_shops, shop
Orc:2:    grunt_orc_cross, layout_caves, mines1_david, uniq_azrael

Skill      XL: |  1  2  3  4  5  6  7  8  9 10 11 12 13 14 15 |
---------------+----------------------------------------------+-----
Staves         | 3 4 5 6 7 9 11 13 14 | 14.0
Dodging        | 5 6 9 11 12 13 | 13.2
Fighting       | 5 6 10 12 13 14 | 14.1
Evocations     | 7 |  7.6
Throwing       | |  1.7

Action                   |  1- 3 |  4- 6 |  7- 9 | 10-12 | 13-15 || total
-------------------------+-------+-------+-------+-------+-------++-------
Melee: Quarterstaff      |   107 |   249 |   313 |   352 |     9 ||  1030
       Kick              |       |    37 |     7 |       |       ||    44
       Lajatang          |       |       |       |   260 |   530 ||   790
Invok: Berserk           |       |       |     3 |     5 |     3 ||    11
       Brothers in Arms  |       |       |       |     2 |     2 ||     4
       Trog's Hand       |       |       |       |     1 |       ||     1
Evoke: Wand              |       |       |       |     2 |     2 ||     4
  Use: Scroll            |     4 |     5 |     4 |     5 |     9 ||    27
       Potion            |     3 |     5 |     4 |     2 |     2 ||    16
 Stab: Sleeping          |     1 |       |       |       |       ||     1
       Paralysed         |       |       |     3 |     5 |       ||     8
       Confused          |       |       |     1 |     3 |       ||     4
       Petrifying        |       |       |       |     1 |       ||     1
       Petrified         |       |       |       |     4 |       ||     4
  Eat: Chunk             |       |     6 |    13 |    16 |    16 ||    51
       Ration            |       |       |       |     1 |     2 ||     3
Armor: Leather armour    |    42 |    37 |       |       |    18 ||    97
       Ring mail         |       |    64 |    85 |   160 |    89 ||   398
Dodge: Dodged            |    82 |   150 |   134 |   272 |   349 ||   987
